[Event "69th RUS-ch Women Superfinal 2019"]
[Site "Izhevsk"]
[Date "2019.08.21"]
[Round "10.6"]
[White "Pogonina, Natalija"]
[Black "Gunina, Valentina"]
[Result "1-0"]
[ECO "A45"]
[WhiteElo "2457"]
[BlackElo "2497"]
[Annotator "ChessBase"]
[PlyCount "147"]
[EventDate "2019.08.10"]
[EventType "tourn"]
[EventCountry "RUS"]
[SourceTitle "playchess.com"]
[Source "ChessBase"]
[SourceQuality "1"]
[TimeControl "40/5400+30:1800+30"]

1. d4 Nf6 2. g3 d5 3. Bg2 e6 4. Nf3 c5 5. O-O Nc6 6. c4 dxc4 7. dxc5 Qxd1 8. Rxd1 Bxc5 9. Nbd2 c3 10. bxc3 O-O 11. Nb3 Be7 12. Nfd4 Ne5 13. Na5 Nd5 14. Bd2 Bd8 15. c4 Bxa5 16. cxd5 Bxd2 17. Rxd2 Rd8 18. Nb3 exd5 19. Bxd5 Bf5 20. Rad1 h5 21. f4 Nc6 22. Nc5 Rac8 23. Nxb7 Rd7 24. Nc5 Re7 25. Bf3 g6 26. Rd6 Nb4 27. Rd8+ Rxd8 28. Rxd8+ Kg7 29. a4 Rc7 30. Nb7 Rc1+ 31. Kf2 Nc2 32. Nd6 Bh3 33. Bg2 Bxg2 34. Kxg2 Ne3+ 35. Kf3 Ng4 36. Rd7 Rf1+ 37. Kg2 Rf2+ 38. Kg1 Rxe2 39. Nxf7 Ne3 40. Ng5+ Kf8 41. h3 Rg2+ 42. Kh1 Ra2 43. Rxa7 Nf1 44. g4 hxg4 45. hxg4 Ng3+ 46. Kg1 Ke8 47. a5 Ne2+ 48. Kf2 Nxf4+ 49. Kf3 Nd5 50. Ne6 Ne7 51. a6 Nd5 52. Nc5 Ra5 53. Nb7 Ra3+ 54. Ke4 Nc7 55. Nd6+ Kd8 56. Rxc7 Rxa6 57. Nb5 Ra4+ 58. Kf3 Rb4 59. Rc5 Ke7 60. Nc3 Kd6 61. Rb5 Rc4 62. Ne4+ Ke6 63. Kf4 Ra4 64. Re5+ Kf7 65. Kg5 Rd4 66. Ng3 Rd3 67. Ne2 Rd6 68. Nf4 Ra6 69. Rb5 Kg7 70. Rb7+ Kg8 71. Re7 Ra4 72. Kxg6 Kf8 73. Rf7+ Kg8 74. g5 1-0

[Event "69th RUS-ch Women Superfinal 2019"]
[Site "Izhevsk"]
[Date "2019.08.22"]
[Round "11.1"]
[White "Gunina, Valentina"]
[Black "Kashlinskaya, Alina"]
[Result "1-0"]
[ECO "C29"]
[WhiteElo "2497"]
[BlackElo "2492"]
[Annotator "ChessBase"]
[PlyCount "69"]
[EventDate "2019.08.10"]
[EventType "tourn"]
[EventCountry "RUS"]
[SourceTitle "playchess.com"]
[Source "ChessBase"]
[SourceQuality "1"]
[TimeControl "40/5400+30:1800+30"]

1. e4 e5 2. Nc3 Nf6 3. f4 d5 4. fxe5 Nxe4 5. Nf3 Be7 6. Qe2 Nxc3 7. dxc3 c5 8. Bf4 Nc6 9. O-O-O Be6 10. h4 h6 11. c4 d4 12. Nd2 Qa5 13. a3 O-O-O 14. Qf2 f6 15. exf6 Bxf6 16. Re1 Rhe8 17. Bd3 Bg4 18. Bh2 Re3 19. Nb3 Qb6 20. Bf5+ Bxf5 21. Qxf5+ Rd7 22. Nxc5 Qd8 23. Bf4 Rxe1+ 24. Rxe1 Bxh4 25. Re6 Be7 26. Nxd7 Qxd7 27. Qd5 Qe8 28. b4 Nd8 29. Re4 Nc6 30. b5 Bxa3+ 31. Kb1 Qf8 32. c5 Nd8 33. Rxd4 Qe8 34. Ka2 Ne6 35. Re4 1-0

[Event "69th RUS-ch Women Superfinal 2019"]
[Site "Izhevsk"]
[Date "2019.08.22"]
[Round "11.2"]
[White "Shafigullina, Zarina"]
[Black "Pogonina, Natalija"]
[Result "0-1"]
[ECO "D02"]
[WhiteElo "2246"]
[BlackElo "2457"]
[Annotator "ChessBase"]
[PlyCount "110"]
[EventDate "2019.08.10"]
[EventType "tourn"]
[EventCountry "RUS"]
[SourceTitle "playchess.com"]
[Source "ChessBase"]
[SourceQuality "1"]
[TimeControl "40/5400+30:1800+30"]

1. d4 d5 2. Nf3 Nf6 3. g3 e6 4. Bg2 b5 5. O-O Be7 6. Ne5 O-O 7. b3 c5 8. c4 bxc4 9. bxc4 Bb7 10. Qb3 Qc8 11. Ba3 Nbd7 12. Nxd7 Qxd7 13. Bxc5 Bxc5 14. dxc5 Rac8 15. cxd5 Bxd5 16. Bxd5 exd5 17. Rc1 Qe7 18. Qb5 Ne4 19. Qb2 Nxc5 20. Nc3 d4 21. Nd5 Qe4 22. Nf4 Ne6 23. Nd3 h5 24. h4 Rc3 25. Rxc3 dxc3 26. Qxc3 Qxe2 27. Ne5 Rd8 28. Re1 Qxa2 29. Qf3 Nd4 30. Qxh5 Qd5 31. Re4 Nc6 32. Qe2 Re8 33. f4 f6 34. Qc4 Qxc4 35. Rxc4 Nxe5 36. fxe5 Rxe5 37. Rc7 a5 38. Kf2 a4 39. Ra7 Re4 40. Kf3 Rb4 41. g4 Kh7 42. Kg3 Kg6 43. Ra5 Rb3+ 44. Kf4 Ra3 45. g5 Ra1 46. h5+ Kh7 47. gxf6 gxf6 48. Kf5 a3 49. Kxf6 a2 50. Ra7+ Kh6 51. Ra6 Kxh5 52. Kg7 Rg1+ 53. Kh7 a1=Q 54. Rh6+ Kg4 55. Rg6+ Kf5 0-1

[Event "69th RUS-ch Women Superfinal 2019"]
[Site "Izhevsk"]
[Date "2019.08.22"]
[Round "11.3"]
[White "Tomilova, Elena"]
[Black "Kosteniuk, Alexandra"]
[Result "0-1"]
[ECO "A46"]
[WhiteElo "2281"]
[BlackElo "2517"]
[Annotator "ChessBase"]
[PlyCount "92"]
[EventDate "2019.08.10"]
[EventType "tourn"]
[EventCountry "RUS"]
[SourceTitle "playchess.com"]
[Source "ChessBase"]
[SourceQuality "1"]
[TimeControl "40/5400+30:1800+30"]

1. d4 Nf6 2. Nf3 d5 3. c4 e6 4. Qc2 dxc4 5. Qxc4 a6 6. Bf4 Nc6 7. Nbd2 Bd6 8. Bg3 Qe7 9. e4 e5 10. d5 Nb8 11. Be2 O-O 12. O-O c6 13. Rfd1 b5 14. Qc2 Bb7 15. Bh4 Rc8 16. Rac1 Nbd7 17. dxc6 Rxc6 18. Qb1 h6 19. Rxc6 Bxc6 20. Bd3 Nc5 21. Bc2 a5 22. Nf1 g5 23. Ne3 Nfxe4 24. Nf5 Qf6 25. Bg3 Bc7 26. N5d4 Nxg3 27. Nxc6 Ne2+ 28. Kf1 g4 29. Nh4 Qxh4 30. Kxe2 Ra6 31. b4 Ne6 32. g3 Qf6 33. Be4 Ng5 34. Nxa5 Bb6 35. Rf1 Nf3 36. Nb3 Nxh2 37. Nc5 Nxf1 38. Kxf1 Ra3 39. Kg2 Rc3 40. Qd1 h5 41. Qd7 Bxc5 42. Qc8+ Kg7 43. bxc5 Ra3 44. Qd7 Rxa2 45. Bf5 e4 46. c6 e3 0-1

[Event "69th RUS-ch Women Superfinal 2019"]
[Site "Izhevsk"]
[Date "2019.08.22"]
[Round "11.4"]
[White "Goryachkina, Aleksandra"]
[Black "Shuvalova, Polina"]
[Result "1-0"]
[ECO "E06"]
[WhiteElo "2564"]
[BlackElo "2418"]
[Annotator "ChessBase"]
[PlyCount "109"]
[EventDate "2019.08.10"]
[EventType "tourn"]
[EventCountry "RUS"]
[SourceTitle "playchess.com"]
[Source "ChessBase"]
[SourceQuality "1"]
[TimeControl "40/5400+30:1800+30"]

1. d4 Nf6 2. c4 e6 3. g3 d5 4. Bg2 Be7 5. Nf3 O-O 6. Nc3 c6 7. O-O Nbd7 8. b3 b6 9. Qd3 Bb7 10. Bb2 Rc8 11. Rad1 Qc7 12. e4 dxe4 13. Nxe4 Nxe4 14. Qxe4 c5 15. Qe2 cxd4 16. Nxd4 Bxg2 17. Kxg2 a6 18. Kg1 Bf6 19. Nf3 Rfd8 20. Bxf6 Nxf6 21. Rxd8+ Rxd8 22. Rd1 h6 23. Rxd8+ Qxd8 24. Qd2 Qxd2 25. Nxd2 e5 26. f3 Kf8 27. Kf2 Ke7 28. b4 Nd7 29. Nb3 f5 30. Ke3 Kd6 31. g4 g6 32. gxf5 gxf5 33. f4 Ke6 34. a4 a5 35. bxa5 bxa5 36. fxe5 Kxe5 37. Nxa5 Nb6 38. Nc6+ Kf6 39. a5 Nxc4+ 40. Kf4 Ke6 41. a6 Kd6 42. a7 Nb6 43. Nd4 Kc7 44. Nxf5 Kb7 45. Nxh6 Kxa7 46. Nf5 Kb7 47. h4 Kc7 48. h5 Nd7 49. h6 Nf8 50. Kg5 Kd7 51. Kf6 Nh7+ 52. Kg6 Nf8+ 53. Kf7 Nh7 54. Nd4 Kd6 55. Nf3 1-0

[Event "69th RUS-ch Women Superfinal 2019"]
[Site "Izhevsk"]
[Date "2019.08.22"]
[Round "11.5"]
[White "Bodnaruk, Anastasia"]
[Black "Charochkina, Daria"]
[Result "1/2-1/2"]
[ECO "B12"]
[WhiteElo "2440"]
[BlackElo "2338"]
[Annotator "NA"]
[PlyCount "129"]
[EventDate "2019.08.10"]
[EventType "tourn"]
[EventCountry "RUS"]
[SourceTitle "playchess.com"]
[Source "ChessBase"]
[SourceQuality "1"]
[TimeControl "40/5400+30:1800+30"]

1. e4 c6 2. d4 d5 3. e5 c5 4. dxc5 e6 5. a3 Bxc5 6. b4 Bb6 7. Nf3 Ne7 8. Bd3 a5 9. Bb2 axb4 10. axb4 Rxa1 11. Bxa1 Nbc6 12. b5 Nb4 13. Be2 d4 14. O-O Nf5 15. Qd2 d3 16. cxd3 Nd5 17. d4 O-O 18. Bd3 Bd7 19. g3 f6 20. Be2 Be8 21. Na3 Ba5 22. Qa2 Qe7 23. Bc4 Kh8 24. Nc2 Qd8 25. Qa3 Bh5 26. Nfe1 Nfe7 27. Ng2 Bg6 28. Nce3 fxe5 29. dxe5 Bb6 30. Qd6 Be4 31. Nxd5 exd5 32. Be2 Qxd6 33. exd6 Nf5 34. Be5 Nd4 35. Bxd4 Bxd4 36. Nf4 Bb6 37. Bg4 h5 38. Ne6 Rf6 39. Bh3 Bd3 40. Rd1 Bxf2+ 41. Kh1 Be4+ 42. Bg2 Rxe6 43. Bxe4 Rxe4 44. d7 Bb6 45. Ra1 Rb4 46. Ra7 Rb1+ 47. Kg2 Rb2+ 48. Kh3 g5 49. Rxb7 Bd8 50. g4 Kg7 51. Rb8 Bc7 52. gxh5 Kh6 53. Rh8+ Kg7 54. Rc8 Ba5 55. Kg4 Rxb5 56. d8=Q Bxd8 57. Rxd8 Rb2 58. Rd7+ Kh6 59. Rd6+ Kh7 60. h3 Rg2+ 61. Kf5 Rg3 62. Rxd5 Kh6 63. Rd8 Rf3+ 64. Kg4 Rf4+ 65. Kg3 1/2-1/2

[Event "69th RUS-ch Women Superfinal 2019"]
[Site "Izhevsk"]
[Date "2019.08.22"]
[Round "12"]
[White "Girya, Olga"]
[Black "Pogonina, Natalija"]
[Result "1-0"]
[ECO "D30"]
[WhiteElo "2457"]
[BlackElo "2457"]
[Annotator "ChessBase"]
[PlyCount "65"]
[EventDate "2019.08.10"]
[EventType "tourn"]
[EventCountry "RUS"]
[SourceTitle "playchess.com"]
[Source "ChessBase"]
[SourceQuality "1"]
[TimeControl "900+10"]

1. d4 d5 2. c4 e6 3. Nf3 Nf6 4. Bg5 Be7 5. e3 h6 6. Bxf6 Bxf6 7. Qc2 O-O 8. h4 c5 9. Nc3 cxd4 10. exd4 Nc6 11. O-O-O a6 12. g4 dxc4 13. g5 hxg5 14. hxg5 Bxg5+ 15. Kb1 f5 16. Nxg5 Qxg5 17. Bxc4 b5 18. Bb3 Na5 19. Rdg1 Qf6 20. Nd5 exd5 21. Bxd5+ Be6 22. Bxe6+ Qxe6 23. Qc7 Qe4+ 24. Ka1 Qxd4 25. Qxa5 Rfd8 26. Qc7 Rac8 27. Qh2 Qf6 28. Qh7+ Kf7 29. Qh5+ Kf8 30. Rg6 Qe5 31. Rg5 Rc5 32. Qh8+ Kf7 33. Qxd8 1-0

[Event "69th RUS-ch Women Superfinal 2019"]
[Site "Izhevsk"]
[Date "2019.08.22"]
[Round "13"]
[White "Pogonina, Natalija"]
[Black "Girya, Olga"]
[Result "1-0"]
[ECO "E06"]
[WhiteElo "2457"]
[BlackElo "2457"]
[Annotator "ChessBase"]
[PlyCount "83"]
[EventDate "2019.08.10"]
[EventType "tourn"]
[EventCountry "RUS"]
[SourceTitle "playchess.com"]
[Source "ChessBase"]
[SourceQuality "1"]
[TimeControl "900+10"]

1. d4 Nf6 2. c4 e6 3. g3 d5 4. Nf3 Be7 5. Bg2 O-O 6. O-O dxc4 7. Qc2 a6 8. a4 Bd7 9. Qxc4 Bc6 10. Bf4 Bd6 11. Qc1 a5 12. Nc3 Na6 13. Bg5 h6 14. Bh4 Be7 15. Bxf6 Bxf6 16. e4 Nb4 17. Rd1 Rc8 18. Qd2 b6 19. Rac1 Qe8 20. b3 Bb7 21. Qe3 Qd8 22. h4 Qe8 23. Nb5 Qd8 24. Rd2 Be7 25. Ne5 Bd6 26. Nc4 Be7 27. Nc3 Qe8 28. Rcd1 Rd8 29. Qf4 Rc8 30. Nb5 Qd8 31. d5 exd5 32. exd5 Ba6 33. d6 cxd6 34. Nbxd6 Bxd6 35. Rxd6 Qc7 36. Nxb6 Rb8 37. Nd7 Rbd8 38. Nxf8 Rxf8 39. Qf5 Be2 40. R1d2 Qc1+ 41. Kh2 Qe1 42. Qe4 1-0